 Dungeon Crawl Stone Soup version 0.26-a0-491-g70697cc071 (webtiles) character file.

Game seed: 8750280828138311897

5 ANON1729 the Sneak (level 1, -2/19 HPs)
             Began as a Palentonga Delver on Aug 4, 2020.
             Slain by an adder (3 damage)
             ... on level 7 of the Dungeon.
             The game lasted 00:00:58 (302 turns).

ANON1729 the Sneak (Palentonga Delver)               Turns: 302, Time: 00:00:59

Health: -2/19      AC:  4    Str: 15    XL:     1   Next: 66%
Magic:  1/1        EV:  9    Int: 10    God:
Gold:   38         SH:  0    Dex: 11    Spells: 0/0 levels left

rFire    . . .     SeeInvis +   a - +0 falchion
rCold    . . .     Faith    .   (no shield)
rNeg     . . .     Spirit   .   b - +0 leather armour
rPois    .         Reflect  .   (no helmet)
rElec    .         Harm     .   (no cloak)
rCorr    .                      (no gloves)
MR       .....                  (boots restricted)
Stlth    ++........             (no amulet)
HPRegen  0.06/turn              (no ring)
MPRegen  0.07/turn              (no ring)

@: lethally poisoned (-2 -> -8), hasted, very quick
A: large, rugged brown scales 3, see invisible, deformed body, roll, armoured
tail
a: Rolling Charge


You were on level 7 of the Dungeon.
You visited 1 branch of the dungeon, and saw 3 of its levels.

You collected 38 gold pieces.

Inventory:

Hand Weapons
 a - a +0 falchion (weapon)
Armour
 b - a +0 leather armour (worn)
 h - a +0 barding
Wands
 g - a wand of digging (3)
Scrolls
 c - a scroll of fog
 d - a scroll of magic mapping


   Skills:
 + Level 3.1 Fighting
 + Level 2.1 Long Blades
 + Level 1.7 Dodging
 + Level 3.4 Stealth


You couldn't memorise any spells.
You didn't know any spells.
Your spell library was empty.

Dungeon Overview and Level Annotations

Branches:
Dungeon (7/15)
 Temple: D:4-7

Altars:
Gozag


Innate Abilities, Weirdness & Mutations

You are completely covered in rugged brown scales. (AC +3, +7% HP)
You have supernaturally acute eyesight. (SInv)
Armour fits poorly on your strangely shaped body.
You can roll at foes to attack.
You have a long armoured tail.


Message History

You barely miss the adder. The adder closely misses you.
You completely miss the adder.
Your tail-slap misses the adder.
The adder bites you but does no damage.
You miss the adder. The adder bites you but does no damage.
You closely miss the adder.
Your tail-slap misses the adder.
The adder completely misses you.
You riposte.
You hit the adder but do no damage. You barely miss the adder.
The adder bites you.
You closely miss the adder.
Your tail-slap misses the adder.
The adder bites you.
* * * LOW HITPOINT WARNING * * *
You closely miss the adder. The adder bites you.
* * * LOW HITPOINT WARNING * * *
You are lethally poisoned!
The adder poisons you!
You hit the adder.
The adder is severely wounded.
* * * LOW HITPOINT WARNING * * *
You feel sick. The adder bites you.
You die...

###
#@#
#.S.#
#.♣(#
#. .#
#+ ##


You could see an adder.

Vanquished Creatures
  4 jackals (D:5)
4 creatures vanquished.

Notes
Turn   | Place    | Note
-------+----------+-------------------------------------------
     0 | D:5      | ANON1729 the Palentonga Delver began the quest for the Orb.
     0 | D:5      | Reached XP level 1. HP: 19/19 MP: 1/1
   254 | D:5      | Found an opulent altar of Gozag.
   256 | D:5      | Noticed an orc wizard
   268 | D:6      | Noticed a scorpion
   279 | D:7      | Noticed a hound
   302 | D:7      | Slain by an adder

Illustrated notes

Levels and vault maps discovered:
D:5:      layout_basic, nicolae_overflow_crystal_walls, nicolae_ru_awakened_eye,
          kennysheep_opposing_triangles
D:6:      layout_cave_pods, eat_drink_and_be_merry_uskayaw, minitemple,
          temple_green, water_maze_lemuel
D:7:      layout_rooms, xom_teletrap_fun, grunt_ministairs_4,
          serial_bayou_lagoon_a

Action                   || total
-------------------------++-------
Melee: Falchion          ||    24
       Tailslap          ||     1
  Use: Potion            ||     2
       Scroll            ||     1
Armor: Leather armour    ||    17
Dodge: Dodged            ||    14
       Rpst.: Falchion   ||     4

Table legend: (Time is in decaauts)
 A = Elapsed time spent in this place.
 B = Non-inter-level travel time spent in this place.
 C = Inter-level travel time spent in this place.
 D = Time resting spent in this place.
 E = Time spent auto-exploring this place.
 F = Levels seen in this place.
 G = Mean time per level.
                   A        B        C        D        E       F      G
               +--------+--------+--------+--------+--------+-----+--------+
         Total |    300 |    297 |      3 |    222 |     11 |   3 |  100.0 |
       Dungeon |    300 |    297 |      3 |    222 |     11 |   3 |  100.0 |
               +--------+--------+--------+--------+--------+-----+--------+

Top non-repeatable levels by time:
     D:5: 271 daAuts
     D:6: 21 daAuts
     D:7: 8 daAuts
